 Dungeon Crawl Stone Soup version 0.23-a0-207-g93a313e (webtiles) character file.

8410 tilp the Spear-Bearer (level 11, 0/80 HPs)
             Began as a Merfolk Ice Elementalist on Sept 24, 2018.
             Was a Priest of Makhleb.
             Slain by a seven-headed hydra (4 damage)
             ... on level 2 of the Lair of Beasts.
             The game lasted 00:41:59 (12295 turns).

tilp the Spear-Bearer (Merfolk Ice Elementalist)   Turns: 12295, Time: 00:42:01

Health: 0/80       AC: 15    Str: 13    XL:     11   Next: 30%
Magic:  17/20      EV: 18    Int: 15    God:    Makhleb [***...]
Gold:   620        SH:  3    Dex: 18    Spells: 16/22 levels left

rFire    . . .     SeeInvis .   a - +6 halberd
rCold    . . .     Gourm    .   (shield currently unavailable)
rNeg     . . .     Faith    .   B - +2 robe "Pehogrob" {Str+5 Int-3 Dex+3 Slay+2}
rPois    .         Spirit   .   (no helmet)
rElec    .         Reflect  +   D - +0 cloak
rCorr    .         Harm     .   z - +0 pair of gloves
MR       +....                  h - +2 pair of boots
Stlth    ++........             m - +3 amulet of reflection
HPRegen  0.23/turn              A - ring of protection from magic
MPRegen  0.17/turn              (no ring)

@: icy armour
A: change form in water, swift swim, stealthy swim
a: Minor Destruction, Lesser Servant of Makhleb, Renounce Religion


You were on level 2 of the Lair of Beasts.
You worshipped Makhleb.
Makhleb was most pleased with you.
You were hungry.

You visited 3 branches of the dungeon, and saw 11 of its levels.
You also visited: Ossuary.

You collected 620 gold pieces.

Inventory:

Hand Weapons
 a - a +6 halberd (weapon)
 b - a +2 halberd of venom
 s - a +2 trident of freezing
 F - a +1 trident of distortion
Missiles
 f - 5 tomahawks (quivered)
 r - 4 throwing nets
Armour
 d - a +0 buckler
 h - a +2 pair of boots (worn)
 y - a +0 robe
 z - a +0 pair of gloves (worn)
 B - the +2 robe "Pehogrob" (worn) {Str+5 Int-3 Dex+3 Slay+2}
   (You found it on level 6 of the Dungeon)

   It affects your strength (+5).
   It affects your intelligence (-3).
   It affects your dexterity (+3).
   It affects your accuracy and damage with ranged weapons and melee attacks
   (+2).
 D - a +0 cloak (worn)
Magical Staves
 C - an uncursed staff of air {unknown}
Jewellery
 m - a +3 amulet of reflection (around neck)
 A - a ring of protection from magic (left hand)
Wands
 w - a wand of flame (14)
 J - a wand of random effects (23)
 K - a wand of acid (9)
 L - a wand of iceblast (5)
Scrolls
 e - 3 scrolls of fear
 g - a scroll of enchant weapon
 j - 2 scrolls of teleportation
 p - a scroll of identify
 q - 2 scrolls of amnesia
 v - 3 scrolls of remove curse
 H - a scroll of immolation {unknown}
 I - a scroll of blinking {unknown}
Potions
 i - 2 potions of haste
 k - 7 potions of curing
 l - 3 potions of flight
 n - 3 potions of ambrosia
 o - a potion of invisibility
 t - 2 potions of resistance
 u - 3 potions of heal wounds
 x - 3 potions of mutation
 E - a potion of brilliance
Comestibles
 c - 23 rations
 G - 9 chunks of flesh


   Skills:
 + Level 5.5 Fighting
 * Level 14.3 Polearms
 + Level 7.7 Dodging
 - Level 2.1 Stealth
 - Level 4.0 Shields
 - Level 6.0 Spellcasting
 - Level 2.0 Conjurations
 - Level 4.0 Charms
 - Level 6.4 Ice Magic
 - Level 5.0 Invocations


You had 16 spell levels left.
You knew the following spells:

 Your Spells              Type           Power        Failure   Level  Hunger
a - Freeze                Ice            ###.         1%          1    None
b - Throw Frost           Conj/Ice       ###...       4%          2    #......
c - Ozocubu's Armour      Chrm/Ice       ###.....     5%          3    ##.....

Your spell library contained the following spells:

 Spells                   Type           Power        Failure   Level  Hunger
 Confusing Touch          Hex            #.....       14%         1    None
 Throw Icicle             Conj/Ice       ###.....     26%         4    ####...
 Summon Ice Beast         Ice/Summ       ##......     36%         4    ####...
 Confuse                  Hex            #.......     41%         3    ##.....
 Gell's Gravitas          Tloc           #.........   41%         3    ##.....
 Metabolic Englaciation   Hex/Ice        ##........   73%         5    ######.
 Petrify                  Tmut/Erth      #.......     82%         4    ####...
 Yara's Violent Unravell  Hex/Tmut       #.........   99%         5    ######.


Dungeon Overview and Level Annotations

Branches:
Dungeon (8/15)             Temple (1/1) D:5            Lair (2/6) D:8
 Spider (0/4) Lair:2
  Swamp: Lair:2-4    Shoals: Lair:2-4

Altars:
Ashenzari
Cheibriados
Dithmenos
Elyvilon
Hepliaklqana
Makhleb
Okawaru
Qazlal
Ru
Sif Muna
Uskayaw
Vehumet
Wu Jian
Xom
Zin
The Shining One

Annotations:
D:3 exclusion: leopard gecko, Terence
Lair:1 1 exclusion, Fannar


Message History

Okay, then.
Cast which spell? (? or * to list)
A film of ice covers your body!
You are feeling hungry.
A demon appears!
A demon appears!
The seven-headed hydra closely misses you.
The seven-headed hydra bites you. x2; The seven-headed hydra bites you!
The seven-headed hydra bites you. The seven-headed hydra bites you!
The seven-headed hydra bites you.
Press: ? - help, Shift-Dir - straight line, f - seven-headed hydra
Aim: a seven-headed hydra The stone arrow hits the seven-headed hydra.
The seven-headed hydra is lightly wounded.
The seven-headed hydra bites you!
* * * LOW HITPOINT WARNING * * *
The seven-headed hydra bites you!
* * * LOW HITPOINT WARNING * * *
The seven-headed hydra bites you.
You die...

#.......... ...##
##......# ..#...# ....
##...... .#.#.####.P..
##..... ###....#...#..
#..... #..#..>#^#..# .
.###.# #.#.#^..#..##..
.#.#.#####..^^^.^..^....
...........#.^.^#33.....
............#^.#@D......
############..##.^#.##..
# ########


You could see a seven-headed hydra, a friendly neqoxec and a friendly ynoxinul.

Vanquished Creatures
  Harold (D:7)
  A spiny frog (Lair:1)
  2 polar bears
  A hippogriff (Lair:2)
  A tarantella (Lair:2)
  7 yaks
  3 water moccasins
  5 porcupines
  2 sky beasts
  An eye of draining (D:8)
  6 ice beasts
  2 black bears (D:8)
  4 orc warriors
  An ogre (D:5)
  A centaur (D:5)
  4 crocodiles
  A big kobold (D:8)
  8 bullfrogs
  A wyvern skeleton (D:7)
  A water moccasin zombie (Ossuary)
  6 scorpions
  A hornet simulacrum (D:8)
  9 wights
  4 howler monkeys
  3 electric eels (D:8)
  5 crimson imps
  7 hounds
  3 jellies
  4 orc priests
  2 bullfrog skeletons
  3 orc wizards
  5 worker ants
  2 big kobold zombies (Ossuary)
  A hound zombie (D:6)
  2 mummies (Ossuary)
  A worker ant zombie (D:6)
  4 gnolls (D:5)
  A howler monkey skeleton (D:7)
  9 adders
  A shadow imp (D:6)
  3 white imps (D:8)
  2 ufetubi (D:8)
  2 adder skeletons
  5 adder zombies (Ossuary)
  A worm (D:3)
  3 dart slugs
  5 leopard geckos
  29 orcs
  A giant cockroach (D:1)
  7 goblins
  6 hobgoblins
  8 jackals
  5 kobolds
  A quokka (D:3)
  A ball python (D:1)
  4 bats
  2 frilled lizards
  5 gnoll zombies (Ossuary)
  9 hobgoblin zombies
  2 kobold zombies (Ossuary)
  2 leopard gecko zombies
  7 orc zombies (Ossuary)
  6 rats
242 creatures vanquished.

Vanquished Creatures (others)
  A death yak (D:8)
  An orc wizard (D:5)
  A white imp (D:8)
  A plant (Lair:2)
4 creatures vanquished.

Grand Total: 246 creatures vanquished

Notes
Turn   | Place    | Note
-------+----------+-------------------------------------------
     0 | D:1      | tilp the Merfolk Ice Elementalist began the quest for the
                  | Orb.
     0 | D:1      | Reached XP level 1. HP: 13/13 MP: 3/3
   135 | D:1      | Reached XP level 2. HP: 12/19 MP: 5/5
   142 | D:1      | Learned a level 2 spell: Throw Frost
   739 | D:1      | Reached XP level 3. HP: 19/24 MP: 6/6
   910 | D:1      | Learned a level 3 spell: Ozocubu's Armour
  1674 | D:2      | Reached skill level 5 in Ice Magic
  1914 | D:3      | Reached XP level 4. HP: 21/30 MP: 0/7
  2078 | D:3      | Noticed Terence
  2495 | D:3      | Reached XP level 5. HP: 24/35 MP: 1/8
  2897 | D:4      | Found a sand-covered staircase.
  2916 | Ossuary  | Entered an ossuary
  3234 | Ossuary  | Reached skill level 1 in Shields
  3770 | Ossuary  | Reached skill level 1 in Fighting
  3826 | Ossuary  | Reached XP level 6. HP: 8/43 MP: 9/9
  3830 | Ossuary  | HP: 1/43 [big kobold zombie (4)]
  4532 | D:4      | Found a shimmering altar of Xom.
  4556 | D:4      | Found a white marble altar of Elyvilon.
  5003 | D:4      | Reached XP level 7. HP: 51/51 MP: 4/10
  5369 | D:5      | Entered Level 5 of the Dungeon
  5963 | D:5      | Reached skill level 5 in Dodging
  6087 | D:5      | Found a staircase to the Ecumenical Temple.
  6124 | Temple   | Entered the Ecumenical Temple
  6142 | Temple   | Became a worshipper of Makhleb the Destroyer
  6293 | D:5      | Reached XP level 8. HP: 52/60 MP: 7/11
  6327 | D:5      | Reached skill level 1 in Polearms
  6327 | D:5      | Reached skill level 1 in Conjurations
  6687 | D:5      | Reached skill level 2 in Polearms
  6687 | D:5      | Reached skill level 1 in Invocations
  6748 | D:5      | Reached skill level 1 in Charms
  6898 | D:5      | Reached skill level 3 in Polearms
  7166 | D:6      | Found a hide-covered altar of Uskayaw.
  7473 | D:6      | Got an opalescent robe
  7509 | D:6      | Identified the +2 robe "Pehogrob" {Str+5 Int-3 Dex+3
                  | Slay+2} (You found it on level 6 of the Dungeon)
  7554 | D:6      | Reached skill level 4 in Polearms
  7815 | D:6      | Reached * piety under Makhleb
  7960 | D:6      | Reached skill level 5 in Polearms
  7960 | D:6      | Reached XP level 9. HP: 21/65 MP: 0/13
  8330 | D:7      | Noticed Harold
  8365 | D:7      | Reached skill level 6 in Polearms
  8767 | D:7      | Reached skill level 7 in Polearms
  9008 | D:7      | Found a sacrificial altar of Ru.
  9037 | D:7      | Reached ** piety under Makhleb
  9158 | D:7      | Killed Harold
  9158 | D:7      | Reached skill level 9 in Polearms
  9158 | D:7      | Reached skill level 5 in Invocations
  9158 | D:7      | Reached XP level 10. HP: 41/71 MP: 2/17
  9420 | D:7      | Found a stormy altar of Qazlal.
  9480 | D:7      | Found a glowing golden altar of the Shining One.
  9589 | D:8      | Reached skill level 10 in Polearms
  9589 | D:8      | Reached skill level 5 in Spellcasting
  9702 | D:8      | Noticed a death yak
 10041 | D:8      | Reached skill level 11 in Polearms
 10166 | D:8      | Found a staircase to the Lair.
 10266 | D:8      | Found a radiant altar of Vehumet.
 10523 | D:8      | Killed a death yak
 10523 | D:8      | Reached skill level 12 in Polearms
 10719 | D:8      | Reached *** piety under Makhleb
 10719 | D:8      | Reached skill level 13 in Polearms
 11253 | D:8      | Found a snail-covered altar of Cheibriados.
 11254 | D:8      | Found a shattered altar of Ashenzari.
 11350 | Lair:1   | Entered Level 1 of the Lair of Beasts
 11532 | Lair:1   | Noticed Fannar
 11664 | Lair:1   | Reached XP level 11. HP: 78/78 MP: 16/20
 11848 | Lair:1   | Reached skill level 5 in Fighting
 12015 | Lair:2   | Reached skill level 14 in Polearms
 12267 | Lair:2   | Found a hole to the Spider Nest.
 12291 | Lair:2   | Noticed a seven-headed hydra
 12295 | Lair:2   | HP: 4/80 [seven-headed hydra (16)]
 12295 | Lair:2   | Slain by a seven-headed hydra

Vault maps used:
D:1:      erik_arrival_cave_to_civilisation
D:2:      first_ration
D:3:      uniq_terence
D:4:      chequers_temple_overflow_statue_of_worship, enter_ossuary_3
D:5:      minmay_temple_entry_butterflies
D:6:      eat_drink_and_be_merry_uskayaw
D:7:      nicolae_tso_swordbearing_angel, kennysheep_little_box,
          nicolae_overflow_crystal_walls, uniq_harold
D:8:      fiery_altar_vehumet, gammafunk_temple_overflow_pools,
          grunt_lair_entry_orc_guard_hut, serial_ice, serial_ice_i,
          serial_ice_n, serial_ice_e, serial_ice_o, minivault_4,
          blue_anna_alchemist
Temple:   dshaligram_water_room_temple
Lair:1:   uniq_fannar
Lair:2:   spider_nest_entry_rubble
Ossuary:  ossuary_tomb_2

Skill      XL: |  1  2  3  4  5  6  7  8  9 10 11 |
---------------+----------------------------------+-----
Ice Magic      | 4 5 6 |  6.4
Dodging        | 3 4 6 7 |  7.7
Shields        | 2 3 4 |  4.0
Fighting       | 1 2 4 5 |  5.5
Polearms       | 5 9 13 14 | 14.3
Conjurations   | 2 |  2.0
Invocations    | 2 5 |  5.0
Charms         | 2 4 |  4.0
Spellcasting   | 3 4 6 |  6.0
Stealth        | |  2.1

Action                   |  1- 3 |  4- 6 |  7- 9 | 10-12 || total
-------------------------+-------+-------+-------+-------++-------
Melee: Short sword       |    71 |   242 |       |       ||   313
       Dagger            |       |    26 |   136 |       ||   162
       Trident           |       |       |   255 |   201 ||   456
       Halberd           |       |       |       |   101 ||   101
Throw: Tomahawk          |     4 |     3 |     3 |     3 ||    13
 Cast: Freeze            |    28 |    50 |   109 |    28 ||   215
       Throw Frost       |     1 |     5 |     7 |    12 ||    25
       Ozocubu's Armour  |       |       |    20 |    16 ||    36
Invok: Minor Destruction |       |       |     1 |     1 ||     2
       Lesser Servant of |       |       |       |     2 ||     2
  Use: Scroll            |       |    15 |     5 |     1 ||    21
       Potion            |       |     4 |       |       ||     4
 Stab: Sleeping          |     3 |     5 |     6 |     3 ||    17
  Eat: Chunk             |     2 |     3 |    16 |     8 ||    29
       Ration            |       |     4 |     2 |     1 ||     7
Armor: Robe              |    14 |    42 |    73 |    44 ||   173
Dodge: Dodged            |    73 |   171 |   235 |   157 ||   636
Block: Other             |       |    21 |       |     5 ||    26
       Buckler           |       |    17 |   169 |    64 ||   250
       Reflection        |       |       |     2 |       ||     2

Table legend:
 A = Non-vault XP
 B = Vault XP
 C = Vault XP percentage of total XP
 D = Non-vault monster count
 E = Vault monster count
 F = Vault count percentage of total count
                 A         B        C        D         E       F
            +---------+---------+-------+---------+---------+-------
      Total |    8295 |    3720 |  31.0 |     189 |      55 |  22.5
            +---------+---------+-------+---------+---------+-------
        D:1 |      50 |       0 |   0.0 |      27 |       0 |   0.0
        D:2 |      19 |       0 |   0.0 |       5 |       0 |   0.0
        D:3 |     165 |       0 |   0.0 |      17 |       0 |   0.0
        D:4 |     294 |       1 |   0.3 |      15 |       1 |   6.2
        D:5 |    1052 |       0 |   0.0 |      33 |       0 |   0.0
        D:6 |     618 |       0 |   0.0 |      20 |       0 |   0.0
        D:7 |    1532 |    1293 |  45.8 |      31 |       3 |   8.8
        D:8 |    1424 |    2001 |  58.4 |      22 |      18 |  45.0
     Lair:1 |    1708 |       0 |   0.0 |       9 |       0 |   0.0
     Lair:2 |    1433 |     210 |  12.8 |      10 |       1 |   9.1
    Ossuary |       0 |     215 | 100.0 |       0 |      32 | 100.0
            +---------+---------+-------+---------+---------+-------
